 Dungeon Crawl Stone Soup version 0.30.0-30-g96aa6591b8 (webtiles) character file.

Game seed: 372250514838060457

114 cheesebisquit the Insei (level 4, 0/29 HPs)
             Began as an Octopode Transmuter on June 30, 2023.
             Slain by an orc
             ... wielding a +0 flail
              (8 damage)
             ... on level 3 of the Dungeon.
             The game lasted 00:07:50 (1921 turns).

cheesebisquit the Insei (Octopode Transmuter)       Turns: 1921, Time: 00:07:51

Health: 0/29       AC:  1    Str:  9    XL:     4   Next: 97%
Magic:  5/7        EV: 13    Int: 17    God:
Gold:   196        SH:  0    Dex: 12    Spells: 5/8 levels left

rFire   . .          .
                       - Unarmed
rCold   . . .        (no shield)
rNeg    + . .        (helmet currently unavailable)
rPois   .            (no amulet)
rElec   .            e - ring of willpower
rCorr   .            m - ring of positive energy
SInv    .            (no ring)
Will    +....        (no ring)
Stlth   ++           (no ring)
HPRegen 0.24/turn    (no ring)
MPRegen 0.10/turn    (no ring)
                     (no ring)

%: no passive effects
@: appendages, wereblooded
A: tentacle spike 3, almost no armour, amphibious, 8 rings, camouflage 1,
gelatinous body 1, (nimble swimmer 1), tentacles, mutation resistance 1
a: End Transformation


You were on level 3 of the Dungeon.
One of your tentacles had grown a beastly spike.
You visited 1 branch of the dungeon, and saw 3 of its levels.

You collected 196 gold pieces.

Inventory:

Missiles
 g - 4 poisoned darts
 n - 4 atropa-tipped darts
 s - 6 boomerangs
Jewellery
 e - a ring of willpower (left tentacle)
 m - a ring of positive energy (right tentacle)
Wands
 r - a wand of flame (14)
Scrolls
 a - a scroll of magic mapping {unknown}
 b - 3 scrolls of vulnerability {unknown}
 d - a scroll of enchant armour {unknown}
 f - a scroll of teleportation {unknown}
 h - 2 scrolls of enchant weapon {unknown}
 j - 3 scrolls of fear {unknown}
 o - a scroll of silence {unknown}
 q - 3 scrolls of identify {unknown}
 u - a scroll of amnesia {unknown}
Potions
 c - a potion of mutation
 i - a potion of degeneration {unknown}
 k - a potion of cancellation {unknown}
 l - a potion of brilliance {unknown}
 p - a potion of attraction {unknown}
 t - a potion of curing


   Skills:
 + Level 2.1 Fighting
 + Level 2.8 Dodging
 + Level 3.5 Unarmed Combat
 + Level 2.6 Spellcasting
 + Level 2.8 Transmutations


You had 5 spell levels left.
You knew the following spells:

 Your Spells              Type           Power      Damage    Failure   Level
a - Beastly Appendage     Tmut           22%        N/A       5%          1
b - Wereblood             Tmut           11%        N/A       9%          2

Your spell library contained the following spells:

 Spells                   Type           Power      Damage    Failure   Level
 Blink                    Tloc           4%         N/A       28%         2
 Lesser Beckoning         Tloc           4%         N/A       28%         2
 Momentum Strike          Conj/Tloc      4%         3d8       28%         2
 Spider Form              Tmut/Pois      7%         N/A       30%         3
 Vhi's Electric Charge    Tloc/Air       4%         N/A       50%         3
 Ice Form                 Ice/Tmut       7%         N/A       71%         4
 Arcjolt                  Conj/Air       1%         1d11      99%         5
 Maxwell's Capacitive Co  Air            1%         ∞         100%        8


Dungeon Overview and Level Annotations

Branches:
Dungeon (3/15)

Altars:
Gozag


Innate Abilities, Weirdness & Mutations

One of your tentacles has grown a beastly spike.
You cannot wear most types of armour.
You are amphibious.
You can wear up to eight rings at the same time.
Your skin changes colour to match your surroundings (Stealth+).
Your rubbery body absorbs attacks. (AC +1, EV +1)
((You are camouflaged when in or above water. (Stealth+)))
You have tentacles for arms and can constrict up to eight enemies at once.
You are somewhat resistant to further mutation.


Message History

You constrict the orc, but do no damage.
The orc hits you with a +0 hand axe.
You tentacle-slap the orc but do no damage.
The orc is severely wounded.
You constrict the orc.
You feel a bit better.
You kill the orc!
The orc priest barely misses you.
Things that are here:
a +0 hand axe; a +1 ring mail of poison resistance You tentacle-slap the orc priest.
Your grab misses the orc priest.
The orc priest is lightly wounded.
Your tentacle spike disappears.
The orc priest closely misses you.
You tentacle-slap the orc priest but do no damage.
Your grab misses the orc priest.
The orc priest is lightly wounded.
The orc priest casts a cantrip, but nothing happens.
You closely miss the orc priest. You grab the orc priest.
You squeeze the orc priest!
The orc priest is severely wounded.
You howl as the wereblood boils in your veins!
You constrict the orc priest, but do no damage.
You hear a shout!
The orc priest closely misses you.
You tentacle-slap the orc priest but do no damage.
The orc priest is severely wounded.
You constrict the orc priest. The orc barely misses you.
The orc priest calls down the wrath of Beogh upon you.
Beogh smites you!
Ouch! That really hurt!
* * * LOW HITPOINT WARNING * * *
You hear a shout!
You are too injured to fight recklessly!
Casting: Beastly Appendage (safe; 5% risk of failure)
Press: ? - help, Q - select action, (/) - cycle Dir - look around, f - activate One of your tentacles grows a vicious spike.
You constrict the orc priest.
The orc priest looks braver for a moment.
The orc hits you with a +0 flail!
You die...

. ###..##....# .#
...#..(###...##.##
##................ #
##.....)........... #.####
#..#..####..†...... ..
#....###.##.# ###.)#.##...
....###.....#..###....#.#
.## #.......†.o.##..[##.#..
.#
######..##.@.#..####.##.#.#
.........###.o#.## #.# .#.#
#####.#....#.o..# #.# .#..
#..............#####.##.##..
.^##.##.............).......
# #.............#.#.###.##.
#.)####.#......_..# .....
#.##..).#.#.# .##.
##.##........#


You could see an orc priest and 2 orcs.

Vanquished Creatures
  Terence (D:2)
  4 adders
  A dart slug (D:1)
  7 orcs (D:3)
  2 ball pythons (D:3)
  6 endoplasms
  A giant cockroach (D:2)
  5 hobgoblins
  3 quokkas
  A bat (D:1)
  A frilled lizard (D:2)
  3 goblins
  2 kobolds
  6 rats
43 creatures vanquished.

Notes
Turn   | Place    | Note
-------+----------+-------------------------------------------
     0 | D:1      | cheesebisquit the Octopode Transmuter began the quest for
                  | the Orb.
     0 | D:1      | Reached XP level 1. HP: 13/13 MP: 3/3
   192 | D:1      | Reached XP level 2. HP: 15/18 MP: 3/5
   586 | D:1      | You fall into a shaft and drop 1 floor!
   754 | D:1      | Learned a level 2 spell: Wereblood
   953 | D:2      | Reached XP level 3. HP: 23/23 MP: 3/6
   983 | D:2      | Found a faded altar of an unknown god.
  1014 | D:2      | Noticed Terence
  1025 | D:2      | Killed Terence
  1026 | D:2      | Reached XP level 4. HP: 14/29 MP: 3/7
  1592 | D:3      | Found an opulent altar of Gozag.
  1806 | D:3      | Gained mutation: You are somewhat resistant to further
                  | mutation. [potion of mutation]
  1921 | D:3      | Slain by an orc

Illustrated notes

Levels and vault maps discovered:
D:1:      minmay_arrival_loop, layout_loops_cross, kennysheep_decorative_pillar,
          serial_bayou_crossing
D:2:      layout_rooms, hellmonk_ecumenical_altar_lost_god, uniq_terence
D:3:      layout_rooms, lemuel_crystal_altar, lemuel_doored_altar

Skill      XL: |  1  2  3  4 |
---------------+-------------+-----
Fighting       | 2 |  2.1
Dodging        | |  2.8
Unarmed Combat | |  3.5
Spellcasting   | |  2.6
Transmutations | |  2.8

Action                     |  1- 3 |  4- 6 || total
---------------------------+-------+-------++-------
  Melee: Unarmed           |    44 |    61 ||   105
         Kick              |    16 |    22 ||    38
         Constrict         |    11 |    15 ||    26
         Tentacles         |    10 |     7 ||    17
         Punch             |     1 |     1 ||     2
   Cast: Beastly Appendage |    15 |    12 ||    27
         Wereblood         |     4 |    10 ||    14
    Use: Potion            |     1 |     2 ||     3
   Stab: Sleeping          |     2 |     1 ||     3
 Armour: Skin              |     5 |       ||     5
  Dodge: Dodged            |    28 |    32 ||    60
